BR
GRAND RAPIDS DUTCH OVENS @ WESLACO CHIEFS
08/20/2027
 
TOP OF THE 1ST
Grand Rapids Dutch Ovens batting - Pitching for Weslaco Chiefs : RHP Arthur Martínez
Pitching: RHP Arthur Martínez
Batting: RHB José Wills 0-0: Called Strike
0-1: Ball
1-1: Foul Ball, location: 2F
1-2: Foul Ball, location: 2F
1-2: Foul Ball, location: 2F
1-2: Fly out, F8 (Flyball, 89M)
Batting: RHB Ray Bray 0-0: Ball
1-0: Called Strike
1-1: Fly out, F7 (Flyball, 7)
Batting: RHB Tim Lee 0-0: Called Strike
0-1: Foul Ball, location: 2F
0-2: Ball
1-2: Ball
2-2: Strikes out swinging
Top of the 1st over - 0 run(s), 0 hit(s), 0 error(s), 0 left on base; Grand Rapids 0 - Weslaco 0
BOTTOM OF THE 1ST
Weslaco Chiefs batting - Pitching for Grand Rapids Dutch Ovens : RHP José Rocha
Pitching: RHP José Rocha
Batting: RHB Ron Newcombe 0-0: Ground out 1-3 (Groundball, 13)
Batting: RHB Aaron Stevens 0-0: Swinging Strike
0-1: Fly out, F9 (Flyball, 9LM)
Batting: RHB Jeremiah Ward 0-0: Foul Ball, location: 2F
0-1: DOUBLE (Line Drive, 7D)
Batting: LHB Edgardo Molina 0-0: Ball
1-0: Ball
2-0: Foul Ball, location: 2F
2-1: Reached on error, E5 (Groundball, 56)
Jeremiah Ward to third
Batting: RHB Terry Lawrence 0-0: Fly out, F8 (Line Drive, 8RM)
Bottom of the 1st over - 0 run(s), 1 hit(s), 1 error(s), 2 left on base; Grand Rapids 0 - Weslaco 0
TOP OF THE 2ND
Grand Rapids Dutch Ovens batting - Pitching for Weslaco Chiefs : RHP Arthur Martínez
Batting: LHB Nick Weber 0-0: Fly out, F9 (Flyball, 9D)
Batting: RHB William Todd 0-0: Ground out 4-3 (Groundball, 4)
Batting: LHB Félix Costa 0-0: Called Strike
0-1: Ball
1-1: Ball
2-1: Called Strike
2-2: Strikes out swinging
Top of the 2nd over - 0 run(s), 0 hit(s), 0 error(s), 0 left on base; Grand Rapids 0 - Weslaco 0
BOTTOM OF THE 2ND
Weslaco Chiefs batting - Pitching for Grand Rapids Dutch Ovens : RHP José Rocha
Batting: RHB Jerry Browning 0-0: Reached on error, E4 (Popup, 4)
Batting: RHB Seth O'Toole 0-0: Ball
1-0: Called Strike
1-1: Fly out, F8 (Flyball, 89D)
Batting: RHB Ed Gaston 0-0: Foul Ball, location: 2F
0-1: Ball
1-1: SINGLE (Line Drive, 34D)
Jerry Browning to second
Batting: RHB Joe Farrell 0-0: Ball
1-0: Swinging Strike
1-1: Reached on error, E1 (Groundball, 15S)
Jerry Browning to third
Ed Gaston to second
Batting: RHB Ron Newcombe 0-0: Foul Ball, location: 2F
0-1: Swinging Strike
0-2: Strikes out swinging
Batting: RHB Aaron Stevens 0-0: Ball
1-0: Ball
2-0: Fielders Choice at 2nd, 5-4 (Groundball, 56)
Bottom of the 2nd over - 0 run(s), 1 hit(s), 2 error(s), 2 left on base; Grand Rapids 0 - Weslaco 0
TOP OF THE 3RD
Grand Rapids Dutch Ovens batting - Pitching for Weslaco Chiefs : RHP Arthur Martínez
Batting: RHB Carlos Rosa 0-0: Swinging Strike
0-1: Fly out, F7 (Line Drive, 7)
Batting: SHB Víctor Torres 0-0: Ball
1-0: DOUBLE (Line Drive, 78M)
Batting: RHB Takuro Okawa 0-0: Called Strike
0-1: Ball
1-1: Ball
Balk!
Víctor Torres to third
2-1: Swinging Strike
2-2: Foul Ball, location: 2F
2-2: Fly out, F5 (Line Drive, 5)
Batting: RHB José Wills 0-0: Ground out 6-3 (Groundball, 6)
Top of the 3rd over - 0 run(s), 1 hit(s), 0 error(s), 1 left on base; Grand Rapids 0 - Weslaco 0
BOTTOM OF THE 3RD
Weslaco Chiefs batting - Pitching for Grand Rapids Dutch Ovens : RHP José Rocha
Batting: RHB Jeremiah Ward 0-0: Ball
1-0: Ball
2-0: Ball
3-0: Called Strike
3-1: SINGLE (Groundball, 56D)
Batting: LHB Edgardo Molina 0-0: Ball
1-0: Called Strike
Jeremiah Ward steals 2nd base
1-1: Ball
2-1: Foul Ball, location: 2F
2-2: Ball
3-2: Ground out 6-3 (Groundball, 56)
Batting: RHB Terry Lawrence 0-0: Ball
1-0: Called Strike
1-1: Ball
Wild Pitch!
Jeremiah Ward to third
2-1: Called Strike
2-2: Ball
3-2: Fly out, F8 (Flyball, 8RD)
Runner from 3rd tags up, SCORES, no throw
Batting: RHB Jerry Browning 0-0: Foul Ball, location: 2F
0-1: Ground out U3 (Groundball, 34)
Bottom of the 3rd over - 1 run(s), 1 hit(s), 0 error(s), 0 left on base; Grand Rapids 0 - Weslaco 1
TOP OF THE 4TH
Grand Rapids Dutch Ovens batting - Pitching for Weslaco Chiefs : RHP Arthur Martínez
Batting: RHB Ray Bray 0-0: Ball
1-0: SOLO HOME RUN (Flyball, 78XD), Distance : 440 ft
Batting: RHB Tim Lee 0-0: Called Strike
0-1: Foul Ball, location: 2F
0-2: Foul Ball, location: 2F
0-2: Strikes out looking
Batting: LHB Nick Weber 0-0: Ball
1-0: Called Strike
1-1: Swinging Strike
1-2: Ball
2-2: Strikes out looking
Batting: RHB William Todd 0-0: Fly out, F2 (Popup, 15)
Top of the 4th over - 1 run(s), 1 hit(s), 0 error(s), 0 left on base; Grand Rapids 1 - Weslaco 1
BOTTOM OF THE 4TH
Weslaco Chiefs batting - Pitching for Grand Rapids Dutch Ovens : RHP José Rocha
Batting: RHB Seth O'Toole 0-0: Called Strike
0-1: Foul Ball, location: 2F
0-2: Reached on error, E4 (Popup, 4)
Batting: RHB Ed Gaston 0-0: Ball
1-0: Called Strike
1-1: Called Strike
1-2: Fly out, F6 (Popup, 6)
Batting: RHB Joe Farrell 0-0: Ball
1-0: Fly out, F8 (Flyball, 89S)
Batting: RHB Ron Newcombe 0-0: Swinging Strike
0-1: Ball
1-1: Ball
2-1: Swinging Strike
2-2: Ball
3-2: Strikes out swinging
Bottom of the 4th over - 0 run(s), 0 hit(s), 1 error(s), 1 left on base; Grand Rapids 1 - Weslaco 1
TOP OF THE 5TH
Grand Rapids Dutch Ovens batting - Pitching for Weslaco Chiefs : RHP Arthur Martínez
Batting: LHB Félix Costa 0-0: Ground out 1-3 (Groundball, 13)
Batting: RHB Carlos Rosa 0-0: SOLO HOME RUN (Flyball, 7D), Distance : 378 ft
Batting: SHB Víctor Torres 0-0: Ball
1-0: Ball
2-0: Called Strike
2-1: Swinging Strike
2-2: SINGLE (Line Drive, 9S)
Batting: RHB Takuro Okawa 0-0: Grounds into double play, 5-4-3 (Groundball, 56)
Top of the 5th over - 1 run(s), 2 hit(s), 0 error(s), 0 left on base; Grand Rapids 2 - Weslaco 1
BOTTOM OF THE 5TH
Weslaco Chiefs batting - Pitching for Grand Rapids Dutch Ovens : RHP José Rocha
Batting: RHB Aaron Stevens 0-0: Ball
1-0: Fly out, F1 (Line Drive, 13S)
Batting: RHB Jeremiah Ward 0-0: Ball
1-0: Ball
2-0: Swinging Strike
2-1: Foul Ball, location: 2F
2-2: Strikes out looking
Batting: LHB Edgardo Molina 0-0: Ball
1-0: Ball
2-0: Ball
3-0: Base on Balls
Batting: RHB Terry Lawrence 0-0: Ball
1-0: SINGLE (Line Drive, 7LS)
Edgardo Molina to second
Batting: RHB Jerry Browning 0-0: Ball
1-0: Foul Ball, location: 2F
1-1: Ball
2-1: Ball
3-1: Foul Ball, location: 2F
3-2: Fly out, F9 (Flyball, 9LSF)
Bottom of the 5th over - 0 run(s), 1 hit(s), 0 error(s), 2 left on base; Grand Rapids 2 - Weslaco 1
TOP OF THE 6TH
Grand Rapids Dutch Ovens batting - Pitching for Weslaco Chiefs : RHP Arthur Martínez
Batting: RHB José Wills 0-0: Hit by Pitch
Batting: RHB Ray Bray 0-0: Called Strike
0-1: Ball
1-1: Called Strike
1-2: Ball
2-2: Foul Ball, location: 2F
2-2: Foul Ball, location: 2F
2-2: Ball
3-2: Fly out, F8 (Line Drive, 8RS)
Batting: RHB Tim Lee 0-0: Foul Ball, location: 2F
0-1: Ball
1-1: Fly out, F4 (Popup, 34)
Batting: LHB Nick Weber 0-0: SINGLE (Groundball, 3S) (infield hit)
José Wills to second
Batting: RHB William Todd 0-0: SINGLE (Groundball, 5D)
José Wills to third
Nick Weber to second
Batting: LHB Félix Costa 0-0: Ball
1-0: Called Strike
1-1: Called Strike
1-2: Foul Ball, location: 2F
1-2: Ball
2-2: Ball
3-2: Strikes out swinging
Top of the 6th over - 0 run(s), 2 hit(s), 0 error(s), 3 left on base; Grand Rapids 2 - Weslaco 1
BOTTOM OF THE 6TH
Weslaco Chiefs batting - Pitching for Grand Rapids Dutch Ovens : RHP José Rocha
Batting: RHB Seth O'Toole 0-0: Called Strike
0-1: Called Strike
0-2: Strikes out swinging
Pitching: RHP Mark Messier
Batting: RHB Ed Gaston 0-0: Ball
1-0: Swinging Strike
1-1: Swinging Strike
1-2: Foul Ball, location: 2F
1-2: Foul Ball, location: 2F
1-2: Strikes out swinging
Batting: RHB Joe Farrell 0-0: Ground out 6-3 (Groundball, 6)
Bottom of the 6th over - 0 run(s), 0 hit(s), 0 error(s), 0 left on base; Grand Rapids 2 - Weslaco 1
TOP OF THE 7TH
Grand Rapids Dutch Ovens batting - Pitching for Weslaco Chiefs : RHP Arthur Martínez
Batting: RHB Carlos Rosa 0-0: Ball
1-0: Swinging Strike
1-1: Ball
2-1: Ground out 6-3 (Groundball, 6)
Batting: SHB Víctor Torres 0-0: Ball
1-0: Foul Ball, location: 2F
1-1: Ball
2-1: Ground out 5-3 (Groundball, 56)
Batting: RHB Takuro Okawa 0-0: Ground out 6-3 (Groundball, 6S)
Top of the 7th over - 0 run(s), 0 hit(s), 0 error(s), 0 left on base; Grand Rapids 2 - Weslaco 1
BOTTOM OF THE 7TH
Weslaco Chiefs batting - Pitching for Grand Rapids Dutch Ovens : RHP Mark Messier
Batting: RHB Ron Newcombe 0-0: Called Strike
0-1: Fly out, F4 (Line Drive, 4M)
Batting: RHB Aaron Stevens 0-0: Called Strike
0-1: Ball
1-1: Foul Ball, location: 2F
1-2: Foul Ball, location: 2F
1-2: Strikes out swinging
Batting: RHB Jeremiah Ward 0-0: Called Strike
0-1: Ball
1-1: Ball
2-1: Swinging Strike
2-2: Foul Ball, location: 2F
2-2: Foul Ball, location: 2F
2-2: Strikes out looking
Bottom of the 7th over - 0 run(s), 0 hit(s), 0 error(s), 0 left on base; Grand Rapids 2 - Weslaco 1
TOP OF THE 8TH
Grand Rapids Dutch Ovens batting - Pitching for Weslaco Chiefs : RHP Arthur Martínez
Pitching: RHP Brian Atkins
Batting: RHB José Wills 0-0: Called Strike
0-1: Ball
1-1: Ball
2-1: Ball
3-1: Ground out 6-3 (Groundball, 6)
Batting: RHB Ray Bray 0-0: Called Strike
0-1: SINGLE (Flyball, 7S)
Pinch Hitting: RHB Kelsey Scott 0-0: Swinging Strike
0-1: Ball
1-1: Foul Ball, location: 2F
1-2: Ball
2-2: Foul Ball, location: 2F
2-2: Ball
3-2: Strikes out swinging
Pinch Hitting: LHB Luis Salazar 0-0: Called Strike
0-1: Called Strike
0-2: Strikes out swinging
Top of the 8th over - 0 run(s), 1 hit(s), 0 error(s), 1 left on base; Grand Rapids 2 - Weslaco 1
BOTTOM OF THE 8TH
Weslaco Chiefs batting - Pitching for Grand Rapids Dutch Ovens : RHP Mark Messier
Pitching: LHP Jorge Luna
Now at 2B: Luis Salazar
Now at SS: Gary Wyatt
Batting: LHB Edgardo Molina 0-0: Ball
1-0: Called Strike
1-1: Foul Ball, location: 2F
1-2: Ball
2-2: Strikes out swinging
Pitching: RHP Bob Peterson
Batting: RHB Terry Lawrence 0-0: Ball
1-0: Ball
2-0: Foul Ball, location: 2F
2-1: Ground out 6-3 (Groundball, 6)
Batting: RHB Jerry Browning 0-0: Ball
1-0: Ball
2-0: Called Strike
2-1: Foul Ball, location: 2F
2-2: Foul Ball, location: 2F
2-2: Ball
3-2: Base on Balls
Pinch Hitting: RHB Toshiki Kokawa 0-0: Called Strike
0-1: Swinging Strike
0-2: Strikes out looking
Bottom of the 8th over - 0 run(s), 0 hit(s), 0 error(s), 1 left on base; Grand Rapids 2 - Weslaco 1
TOP OF THE 9TH
Grand Rapids Dutch Ovens batting - Pitching for Weslaco Chiefs : RHP Brian Atkins
Now in RF: Jorge Calderón
Batting: RHB William Todd 0-0: Swinging Strike
0-1: Ball
1-1: Ball
2-1: Ball
3-1: Fly out, F8 (Flyball, 8RM)
Batting: LHB Félix Costa 0-0: Called Strike
0-1: Ball
1-1: Swinging Strike
1-2: Ball
2-2: Ball
3-2: Base on Balls
Pinch Hitting: LHB David Morgan 0-0: Called Strike
0-1: Ball
1-1: Called Strike
1-2: Foul Ball, location: 2F
1-2: Ball
2-2: SINGLE (Groundball, 34D)
Félix Costa to second
Runner from 2nd tries for 3rd, SAFE, no throw
Batting: SHB Víctor Torres 0-0: Ball
1-0: Swinging Strike
1-1: Ball
2-1: Foul Ball, location: 2F
2-2: Strikes out looking
Pinch Hitting: RHB Manuel Flores 0-0: Called Strike
0-1: SINGLE (Flyball, 9LS)
Félix Costa scores
David Morgan to second
Runner from 2nd tries for 3rd, SAFE, throw made to third
Manuel Flores to second
Pinch Hitting: RHB Albert Cortéz 0-0: Ground out 6-3 (Groundball, 6)
Top of the 9th over - 1 run(s), 2 hit(s), 0 error(s), 2 left on base; Grand Rapids 3 - Weslaco 1
BOTTOM OF THE 9TH
Weslaco Chiefs batting - Pitching for Grand Rapids Dutch Ovens : RHP Bob Peterson
Pitching: LHP Sancho Espinoza
Now at C: Albert Cortéz
Now at 1B: Manuel Flores
Now in LF: António Aguilera
Batting: RHB Ed Gaston 0-0: Ball
1-0: Ball
2-0: Foul Ball, location: 2F
2-1: Fly out, F5 (Popup, 56S)
Batting: RHB Joe Farrell 0-0: Ball
1-0: Swinging Strike
1-1: Foul Ball, location: 2F
1-2: SOLO HOME RUN (Flyball, 78XD), Distance : 434 ft
Batting: RHB Ron Newcombe 0-0: Ball
1-0: Called Strike
1-1: Called Strike
1-2: Foul Ball, location: 2F
1-2: Strikes out swinging, 2-3 out at first.
Pinch Hitting: RHB Henry Morris 0-0: Ball
1-0: Ball
2-0: Foul Ball, location: 2F
2-1: Ball
3-1: SINGLE (Line Drive, 8LS)
Batting: RHB Jeremiah Ward 0-0: Fielders Choice at 2nd, 6-4 (Groundball, 6)
Bottom of the 9th over - 1 run(s), 2 hit(s), 0 error(s), 0 left on base; Grand Rapids 3 - Weslaco 2
Thursday, March 30th, 2017 - OOTP Baseball 17.12 Build 75